 Dungeon Sprint DCSS version 0.21-a0-41-g5e91fef (webtiles) character file.

114 Kidiri the Magician (level 4, -17/27 HPs)
             Began as a Deep Elf Fire Elementalist on June 4, 2017.
             Killed from afar by a wizard (25 damage)
             ... with a crystal spear
             ... in the Dungeon (Sprint III: "The Ten Rune Challenge").
             The game lasted 00:03:17 (319 turns).

Kidiri the Magician (Deep Elf Fire Elementalist)     Turns: 319, Time: 00:03:18

Health: -17/27     AC:  2    Str:  7    XL:     4   Next: 67%
Magic:  10/14      EV: 15    Int: 21    God:
Gold:   44         SH:  0    Dex: 15    Spells: 3/16 levels left

rFire    . . .     SeeInvis .   k - +6 dagger (flame)
rCold    . . .     Gourm    .   (no shield)
rNeg     . . .     Faith    .   a - +0 robe
rPois    .         Spirit   .   (no helmet)
rElec    .         Reflect  .   (no cloak)
rCorr    .         Harm     .   (no gloves)
MR       .....     NoTele   +   (no boots)
Stlth    ++........             (no amulet)
Regen    0.1/turn               (no ring)
MPRegen  0.2/turn               (no ring)

@: no status effects
A: blink, strong 1
a: Blink


You were in the Dungeon.
You were not hungry.

You visited 1 branch You collected 44 gold pieces.

Inventory:

Hand Weapons
 k - a +6 dagger of flaming (weapon)
Armour
 a - a +0 robe (worn)
Scrolls
 i - a scroll of blinking
 m - a scroll of holy word
 o - a scroll of remove curse
 r - a scroll of torment
Potions
 d - a potion of curing
 e - a potion of heal wounds
 f - a potion of haste
 g - 2 potions of magic
 h - a potion of berserk rage
 q - a potion of flight
 t - a potion of brilliance
Books
 b - a book of Flames

   Spells                             Type                      Level
   a - Flame Tongue                   Conjuration/Fire             1
   b - Throw Flame                    Conjuration/Fire             2
   c - Conjure Flame                  Conjuration/Fire             3
   d - Inner Flame                    Hexes/Fire                   3
   e - Sticky Flame                   Conjuration/Fire             4
   f - Fireball                       Conjuration/Fire             5
Comestibles
 c - a bread ration
 p - a royal jelly
 s - a meat ration


   Skills:
 + Level 2.4 Fighting
 + Level 2.2 Short Blades
 + Level 2.6 Armour
 + Level 4.6 Dodging
 - Level 2.4 Stealth
 * Level 6.9 Spellcasting
 + Level 3.7 Conjurations
 + Level 4.8 Fire Magic


You had 3 spell levels left.
You knew the following spells:

 Your Spells              Type           Power        Failure   Level  Hunger
a - Flame Tongue          Conj/Fire      ####.        1%          1    None
b - Throw Flame           Conj/Fire      ####..       2%          2    None
c - Conjure Flame         Conj/Fire      ####....     4%          3    #......
d - Inner Flame           Hex/Fire       ###.....     10%         3    #......
e - Sticky Flame          Conj/Fire      ####....     16%         4    ###....


Dungeon Overview and Level Annotations

Branches:
Dungeon (1/1)

Altars:
Kikubaaqudgha
Sif Muna
Vehumet


Innate Abilities, Weirdness & Mutations

You can translocate small distances at will.
Your muscles are strong. (Str +2)


Message History

The wizard points at you and mumbles some strange words.
The bolt of cold hits you!
Ouch! That really hurt!
* * * LOW HITPOINT WARNING * * *
Found a hardcover book and a paperback book.
Found a deep blue altar of Sif Muna and an ancient bone altar of Kikubaaqudgha.
There is an open door here.
Casting: Flame Tongue
Confirm with . or Enter, or press ? or * to list all spells.
Aiming: Sticky Flame
Press: ? - help, Shift-Dir - straight line, f - wizard
Aim: a wizard, wielding a dagger of holy wrath and wearing a robe The sticky flame hits the wizard.
The wizard is moderately wounded.
The wizard is covered in liquid flames!
The wizard burns!
The kobold demonologist casts a spell.
The wizard gestures at you while chanting.
The crystal spear hits you!
Ouch! That really hurt!
You die...

.#......#####..#
##.......#..#..#
.##.##..[#..#..###+#+###+
.##.###..##+#..#.........
####.##..###...'.⌠.......
##..##..####...#...######
....##..###....#.⌠.#
#..##...##.....#...#
÷.##....#......#@###
.###..##.#.....#.p3# .#
#..#####....#_K_# ▓▓ ▓▓▓▓
▓▓▓▓▓▓▓▓▓▓


You could see a soul eater, a wizard (burning) and a kobold demonologist.

Vanquished Creatures
  A water elemental (D)
  Jessica (D)
  A human (D)
  An ooze (D)
  A phantom (D)
  2 rats (D)
7 creatures vanquished.

Vanquished Creatures (others)
  A draconian scorcher (D)
  6 hellions (D)
  A yaktaur (D)
8 creatures vanquished.

Grand Total: 15 creatures vanquished

Notes
Turn   | Place    | Note
-------+----------+-------------------------------------------
     0 | D        | Kidiri the Deep Elf Fire Elementalist began the quest for the Orb.
     0 | D        | Reached XP level 1. HP: 10/10 MP: 6/6
    10 | D        | Reached skill level 4 in Spellcasting
    75 | D        | Killed a hellion
    75 | D        | Killed a hellion
    76 | D        | Killed a hellion
    77 | D        | Noticed Jessica
    79 | D        | Killed Jessica
    79 | D        | Reached skill level 1 in Fighting
    79 | D        | Reached skill level 1 in Armour
    79 | D        | Reached skill level 5 in Spellcasting
    79 | D        | Reached XP level 2. HP: 16/16 MP: 7/10
    79 | D        | Reached XP level 3. HP: 20/20 MP: 7/11
    83 | D        | Learned a level 2 spell: Throw Flame
    87 | D        | Learned a level 3 spell: Conjure Flame
    91 | D        | Learned a level 3 spell: Inner Flame
    99 | D        | Killed a hellion
   111 | D        | Killed a hellion
   144 | D        | Reached skill level 1 in Short Blades
   174 | D        | Killed a hellion
   227 | D        | Gained mutation: You have a pair of small horns on your head. [potion of mutation]
   227 | D        | Gained mutation: You tend to lose your temper in combat. [potion of mutation]
   227 | D        | Gained mutation: Your system is resistant to poisons. (rPois) [potion of mutation]
   227 | D        | Gained mutation: You are somewhat resistant to further mutation. [potion of mutation]
   228 | D        | Lost mutation: Your system is resistant to poisons. (rPois) [potion of mutation]
   228 | D        | Lost mutation: You have a pair of small horns on your head. [potion of mutation]
   228 | D        | Lost mutation: You tend to lose your temper in combat. [potion of mutation]
   229 | D        | Lost mutation: You are somewhat resistant to further mutation. [potion of mutation]
   229 | D        | Gained mutation: You are dopey. (Int -2) [potion of mutation]
   229 | D        | Gained mutation: You have an increased reservoir of magic. (+10% MP) [potion of mutation]
   230 | D        | Lost mutation: You are dopey. (Int -2) [potion of mutation]
   230 | D        | Lost mutation: You have an increased reservoir of magic. (+10% MP) [potion of mutation]
   230 | D        | Gained mutation: Your magical capacity is low. (-10% MP) [potion of mutation]
   230 | D        | Gained mutation: You are partially covered in large bone plates. (SH +4) [potion of mutation]
   231 | D        | Lost mutation: Your magical capacity is low. (-10% MP) [potion of mutation]
   231 | D        | Lost mutation: You are partially covered in large bone plates. (SH +4) [potion of mutation]
   231 | D        | Gained mutation: You can translocate small distances at will. [potion of mutation]
   231 | D        | Gained mutation: Your muscles are strong. (Str +2) [potion of mutation]
   251 | D        | Killed a yaktaur
   266 | D        | Noticed a water elemental
   269 | D        | Killed a water elemental
   269 | D        | Reached skill level 6 in Spellcasting
   269 | D        | Reached XP level 4. HP: 27/27 MP: 7/14
   280 | D        | Learned a level 4 spell: Sticky Flame
   309 | D        | Killed a white draconian scorcher
   317 | D        | Found a radiant altar of Vehumet.
   318 | D        | Found a deep blue altar of Sif Muna.
   318 | D        | Found an ancient bone altar of Kikubaaqudgha.
   318 | D        | Noticed a wizard
   319 | D        | Killed from afar by a wizard

Vault maps used:
D:        dungeon_sprint_mu

Skill      XL: |  1  2  3 |
---------------+----------+-----
Spellcasting   | 5 6 |  6.9
Fighting       | 1 2 |  2.4
Armour         | 1 2 |  2.6
Dodging        | 3 4 |  4.6
Conjurations   | 2 3 |  3.7
Fire Magic     | 4 |  4.8
Short Blades   | 2 |  2.2
Stealth        | |  2.4

Action                   |  1- 3 |  4- 6 || total
-------------------------+-------+-------++-------
 Cast: Flame Tongue      |    17 |       ||    17
       Conjure Flame     |     1 |       ||     1
       Sticky Flame      |       |     1 ||     1
  Use: Scroll            |     5 |       ||     5
       Potion            |     5 |       ||     5
Dodge: Dodged            |     3 |       ||     3
